 Dungeon Crawl Stone Soup version 0.20-a0-470-gbb038bd (webtiles) character file.

8421 Amnesiac the Bewitcher (level 11, -5/61 HPs)
             Began as a Vampire Enchanter on Jan 13, 2017.
             Was an Initiate of Gozag.
             Slain by a two-headed ogre
             ... wielding a +0 giant club
              (25 damage)
             ... on level 9 of the Dungeon.
             The game lasted 00:25:20 (9780 turns).

Amnesiac the Bewitcher (Vampire Enchanter)          Turns: 9780, Time: 00:25:21

Health: -5/61      AC: 12    Str:  7    XL:     11   Next: 9%
Magic:  16/20      EV: 17    Int: 19    God:    Gozag
Gold:   1594       SH:  0    Dex: 19    Spells: 11/22 levels left

rFire  . . .     SeeInvis +     o - +3 dagger (drain)
rCold  + + .     Gourm    .     b - +0 robe
rNeg   + + +     Faith    .     (no shield)
rPois  ∞         Spirit   .     (helmet restricted)
rElec  .         Reflect  .     p - +0 cloak
rCorr  .         Harm     .     t - +0 pair of gloves
MR     ++...     Rnd*Tele +     f - +1 pair of boots
Stlth  +++++++...               (no amulet)
                                n - ring of teleportation
                                E - +4 ring of protection

@: bloodless, non-regenerating
A: antennae 1, fangs 3, hooves 1, thin metallic scales 1, see invisible, agile
1, berserk 1, frail 1, magic resistance 1, unbreathing, sturdy frame 1
a: Bat Form, Potion Petition, Call Merchant, Bribe Branch, Renounce Religion


You were on level 9 of the Dungeon.
You worshipped Gozag.
Gozag was most pleased with you.
You were bloodless.

You visited 2 branches of the dungeon, and saw 11 of its levels.

You collected 1951 gold pieces.
You spent 274 gold pieces at shops.
You paid 83 gold pieces to Gozag.

Inventory:

Hand Weapons
 e - a +2 dagger of flaming
 o - a +3 dagger of draining (weapon)
Armour
 b - a +0 robe (worn)
 f - a +1 pair of boots (worn)
 g - a +0 helmet
 p - a +0 cloak (worn)
 t - a +0 pair of gloves (worn)
 C - the +2 pair of gloves of Generosity {*Contam MR+ Str+4, unknown}
   (You found it on level 9 of the Dungeon)

   It affects your strength (+4).
   It affects your resistance to hostile enchantments.
   It causes magical contamination when unequipped.
Jewellery
 n - a ring of teleportation (right hand)
 E - a +4 ring of protection (left hand)
 G - an uncursed ring of magical power
Wands
 h - a wand of iceblast (6/15)
 x - a wand of lightning (14/15)
 A - a wand of disintegration (9/24)
 N - a wand of lightning (1/15)
Scrolls
 d - a scroll of torment
 i - 2 scrolls of enchant armour
 l - 6 scrolls of teleportation
 u - 3 scrolls of remove curse
 v - a scroll of recharging
 y - 5 scrolls of amnesia
 J - 2 scrolls of enchant weapon
Potions
 a - 3 potions of curing {unknown}
 j - 2 potions of berserk rage {unknown}
 k - a potion of haste
 m - 8 potions of heal wounds
 q - a potion of invisibility {unknown}
 s - a potion of magic
 w - 2 potions of agility
 z - a potion of ambrosia
 F - 3 potions of might
 M - a potion of cure mutation
Books
 c - a book of Maledictions

   Spells                             Type                      Level
   a - Corona                         Hexes                        1
   b - Ensorcelled Hibernation        Hexes/Ice                    2
   c - Confuse                        Hexes                        3
   d - Tukima's Dance                 Hexes                        3
   e - Dazzling Spray                 Conjuration/Hexes            3
 D - a book of Necromancy

   Spells                             Type                      Level
   a - Pain                           Necromancy                   1
   b - Animate Skeleton               Necromancy                   1
   c - Vampiric Draining              Necromancy                   3
   d - Regeneration                   Charms/Necromancy            3
   e - Animate Dead                   Necromancy                   4
   f - Control Undead                 Necromancy                   4
 H - a book of Flames

   Spells                             Type                      Level
   a - Flame Tongue                   Conjuration/Fire             1
   b - Throw Flame                    Conjuration/Fire             2
   c - Conjure Flame                  Conjuration/Fire             3
   d - Inner Flame                    Hexes/Fire                   3
   e - Sticky Flame                   Conjuration/Fire             4
   f - Fireball                       Conjuration/Fire             5
 I - a book of Debilitation

   Spells                             Type                      Level
   a - Corona                         Hexes                        1
   b - Slow                           Hexes                        2
   c - Gell's Gravitas                Hexes/Translocation          3
   d - Inner Flame                    Hexes/Fire                   3
   e - Cause Fear                     Hexes                        4
   f - Leda's Liquefaction            Hexes/Earth                  4


   Skills:
 - Level 8.1 Short Blades
 - Level 6.6 Dodging
 - Level 10.0 Stealth
 + Level 6.3 Spellcasting
 - Level 16.0 Hexes


You had 11 spell levels left.
You knew the following spells:

 Your Spells              Type           Power        Failure   Level  Hunger
a - Dazzling Spray        Conj/Hex       #####.       1%          3    ##.....
e - Confuse               Hex            ######..     1%          3    ##.....
w - Tukima's Dance        Hex            ######..     1%          3    ##.....
z - Ensorcelled Hibernat  Hex/Ice        #####.       1%          2    None


Dungeon Overview and Level Annotations

Branches:
Dungeon (10/15)            Temple (1/1) D:4            Lair (0/6) D:9
    Orc: D:9-12

Altars:
Ashenzari
Dithmenos
Elyvilon
Gozag
Hepliaklqana
Kikubaaqudgha
Makhleb
Nemelex Xobeh
Okawaru
Qazlal
Ru
Sif Muna
Trog
Vehumet
Xom

Shops:
D:7 *

Annotations:
D:4 Menkaure


Innate Abilities, Weirdness & Mutations

You do not heal naturally.
You are immune to poison.
You have razor-sharp teeth.
You have supernaturally acute eyesight. (SInv)
You can survive without breathing.
You have a pair of small antennae on your head.
You have large cloven feet.
You are partially covered in thin metallic scales. (AC +2)
You are agile. (Dex +2)
You tend to lose your temper in combat.
You are frail. (-10% HP)
You are resistant to hostile enchantments. (MR+)
Your movements are slightly less encumbered by armour. (ER -2)


Message History

Your surroundings suddenly seem different.
A two-headed ogre is nearby!
A two-headed ogre is nearby!
Casting: Confuse
Confirm with . or Enter, or press ? or * to list all spells.
Aiming: Ensorcelled Hibernation
Press: ? - help, Shift-Dir - straight line, f - two-headed ogre
Aim: a two-headed ogre, wielding two giant clubs (hasn't noticed you, chance to defeat MR: 47%)
The two-headed ogre shouts in stereo!
The two-headed ogre resists with some effort.
Casting: Ensorcelled Hibernation
Confirm with . or Enter, or press ? or * to list all spells.
Aiming: Ensorcelled Hibernation
Press: ? - help, Shift-Dir - straight line, f/p - two-headed ogre
Aim: a two-headed ogre, wielding two giant clubs (chance to defeat MR: 47%)
The two-headed ogre resists with some effort.
The two-headed ogre hits you with a giant club!
The two-headed ogre hits you with a giant club!!
You die...
Your body crumbles into a pile of gold.

# #.# #....### #.# # #.#
##.....# #.# # #.#
######.###### #.# # #.#
##....#'#....###.# # #.#
##....#...#....##.# # #.#
#....#.....#....#.# #
#.###...#..8.8..#...### #
#?##...#.........#...# #
#.##..(#...@.....#...# #
#.##...#..8O..8[.#..)#
######.##...#.........#...#
.))....##(..#.........#..)#
#####).###...#..8.8..#...###
# #..# #....#....)#....#.# #
#..# ##....#...#....##.# #
#..# ##....#'#....###.# #
#..# ######.###### #.#


You could see a two-headed ogre.

Vanquished Creatures
  2 two-headed ogres (D:9)
  An ugly thing (D:9)
  An elephant (D:9)
  Psyche (D:9)
  Prince Ribbit (D:7)
  2 hornets (D:8)
  3 hippogriffs
  A vampire (D:9)
  A wyvern (D:9)
  2 basilisks (D:9)
  2 hungry ghosts
  2 soldier ants (D:8)
  Edmund (D:6)
  A water moccasin (D:7)
  4 orc warriors
  2 sky beasts
  A black bear (D:6)
  2 ice beasts
  2 phantoms (D:9)
  An eye of draining (D:9)
  4 centaurs
  2 ogres
  A big kobold (D:9)
  Blork the orc (D:6)
  3 bullfrogs
  A wyvern skeleton (D:9)
  2 scorpions
  A water moccasin skeleton (D:9)
  4 killer bees (D:7)
  4 wights (D:9)
  6 crimson imps
  A bullfrog zombie (D:7)
  A jelly (D:9)
  2 quasits
  6 hounds
  An orc priest (D:9)
  A centaur skeleton (D:9)
  Crazy Yiuf (D:6)
  2 bullfrog skeletons
  Jessica (D:2)
  4 iguanas
  8 orc wizards
  4 worker ants
  2 hound zombies
  A hound skeleton (D:4)
  2 worker ant zombies
  15 adders
  2 shadow imps (D:6)
  An ooze (D:1)
  2 adder zombies
  A worm (D:4)
  2 adder skeletons
  3 dart slugs
  5 leopard geckos
  30 orcs
  5 ball pythons
  7 giant cockroaches
  10 goblins
  4 hobgoblins
  25 jackals
  4 quokkas
  7 bats
  5 frilled lizards
  A jackal zombie (D:5)
  7 kobolds
  3 leopard gecko zombies
  2 rats
240 creatures vanquished.

Vanquished Creatures (collateral kills)
  An ogre (D:5)
  An orc wizard (D:6)
2 creatures vanquished.

Vanquished Creatures (others)
  2 dancing weapons (D:6)
2 creatures vanquished.

Grand Total: 244 creatures vanquished

Notes
Turn   | Place    | Note
-------+----------+-------------------------------------------
     0 | D:1      | Amnesiac the Vampire Enchanter began the quest for the Orb.
     0 | D:1      | Reached XP level 1. HP: 13/13 MP: 3/3
    65 | D:3      | Reached XP level 2. HP: 19/19 MP: 5/5
    69 | D:3      | Learned a level 2 spell: Ensorcelled Hibernation
   345 | D:3      | Reached skill level 5 in Hexes
   359 | D:3      | Reached XP level 3. HP: 15/24 MP: 4/6
   364 | D:3      | Learned a level 3 spell: Confuse
   440 | D:4      | Found a staircase to the Ecumenical Temple.
   446 | Temple   | Entered the Ecumenical Temple
   710 | D:3      | Gained mutation: You tend to lose your temper in combat. [potion of mutation]
   710 | D:3      | Gained mutation: You are agile. (Dex +2) [potion of mutation]
   710 | D:3      | Gained mutation: You are frail. (-10% HP) [potion of mutation]
   722 | D:3      | HP: 1/21 [poisoned by an adder]
   723 | D:3      | Gained mutation: You are resistant to hostile enchantments. (MR+) [potion of mutation]
   723 | D:3      | Gained mutation: Your movements are slightly less encumbered by armour. (ER -2) [potion of mutation]
   723 | D:3      | Gained mutation: You have a pair of small antennae on your head. [potion of mutation]
  1008 | D:3      | Reached skill level 5 in Stealth
  1112 | D:3      | Noticed a hippogriff
  1132 | D:4      | Reached XP level 4. HP: 23/27 MP: 4/7
  1218 | D:4      | Found a stormy altar of Qazlal.
  1315 | D:4      | Noticed Menkaure
  1683 | D:3      | Killed a hippogriff
  1683 | D:3      | Reached skill level 6 in Hexes
  1683 | D:3      | Reached XP level 5. HP: 26/31 MP: 1/9
  1752 | D:3      | Learned a level 3 spell: Tukima's Dance
  2139 | D:2      | Noticed Jessica
  2150 | D:2      | Killed Jessica
  2150 | D:2      | Reached XP level 6. HP: 36/36 MP: 3/10
  2302 | Temple   | Became a worshipper of Gozag Ym Sagoz the Greedy
  3434 | D:2      | Found a white marble altar of Elyvilon.
  3662 | D:2      | Found a deep blue altar of Sif Muna.
  3930 | D:4      | Reached skill level 7 in Hexes
  4097 | D:4      | Learned a level 3 spell: Dazzling Spray
  4377 | D:5      | Entered Level 5 of the Dungeon
  4452 | D:5      | Reached XP level 7. HP: 31/41 MP: 3/12
  4742 | D:5      | Found a hazy altar of Hepliaklqana.
  4900 | D:5      | Reached skill level 8 in Hexes
  4989 | D:5      | Gained mutation: Your muscles are strong. (Str +2) [potion of mutation]
  4989 | D:5      | Gained mutation: You have large cloven feet. [potion of mutation]
  5077 | D:5      | HP: 2/41 [crimson imp (4)]
  5438 | D:6      | Noticed Blork the orc
  5452 | D:6      | Found a runed door.
  5453 | D:6      | Noticed Crazy Yiuf
  5454 | D:6      | Killed Crazy Yiuf
  5583 | D:6      | Reached XP level 8. HP: 23/46 MP: 0/14
  5590 | D:6      | Reached skill level 5 in Dodging
  5770 | D:6      | Reached skill level 9 in Hexes
  5903 | D:6      | Noticed Edmund
  5926 | D:6      | Killed Edmund
  6262 | D:6      | Killed Blork the orc
  6262 | D:6      | Reached skill level 10 in Hexes
  6408 | D:6      | Found a bloodstained altar of Trog.
  6546 | D:6      | Reached skill level 5 in Short Blades
  6608 | D:7      | Reached XP level 9. HP: 51/51 MP: 6/16
  6677 | D:7      | Noticed Prince Ribbit
  6682 | D:7      | Killed Prince Ribbit
  6709 | D:6      | Reached skill level 5 in Spellcasting
  6962 | D:7      | Found Riorot's Assorted Antiques.
  6992 | D:7      | Reached skill level 11 in Hexes
  7015 | D:7      | Bought a scroll labeled NURHOOROTY for 28 gold pieces
  7015 | D:7      | Bought a scroll labeled KIUNIJ WISTA for 28 gold pieces
  7015 | D:7      | Bought a scroll labeled IMMAON KENETT for 28 gold pieces
  7015 | D:7      | Bought a scroll labeled IMMAON KENETT for 28 gold pieces
  7015 | D:7      | Bought a cyan potion for 25 gold pieces
  7015 | D:7      | Bought a murky red potion for 25 gold pieces
  7015 | D:7      | Bought a bronze wand for 112 gold pieces
  7469 | D:8      | Reached skill level 12 in Hexes
  7704 | D:8      | Reached skill level 10 in Stealth
  7791 | D:8      | Reached XP level 10. HP: 50/56 MP: 18/18
  7920 | D:8      | Lost mutation: Your muscles are strong. (Str +2) [potion of mutation]
  7920 | D:8      | Gained mutation: You are partially covered in thin metallic scales. (AC +2) [potion of mutation]
  8077 | D:9      | Found a staircase to the Lair.
  8078 | D:9      | Noticed an elephant
  8093 | D:9      | Killed an elephant
  8113 | D:9      | Noticed Psyche
  8132 | D:9      | Killed Psyche
  8446 | D:9      | Noticed a two-headed ogre
  8447 | D:9      | Noticed a two-headed ogre
  8493 | D:9      | Reached skill level 13 in Hexes
  8504 | D:9      | Killed a two-headed ogre
  8600 | D:9      | Reached skill level 14 in Hexes
  8645 | D:9      | Got a pair of fine gloves
  8751 | D:9      | Noticed a red ugly thing
  8754 | D:9      | Killed a red ugly thing
  8846 | D:9      | Reached skill level 15 in Hexes
  9274 | D:9      | Noticed a two-headed ogre
  9280 | D:9      | Killed a two-headed ogre
  9280 | D:9      | Reached XP level 11. HP: 61/61 MP: 17/20
  9423 | D:10     | Entered Level 10 of the Dungeon
  9438 | D:9      | Reached skill level 16 in Hexes
  9780 | D:9      | Slain by a two-headed ogre

Vault maps used:
D:1:      saegor_arrival_simple_c, minmay_misc_feat_iff
D:2:      marbit_many_paths, led_sif_pool, uniq_jessica
D:4:      kennysheep_mini, grunt_decor_one_mirror, minmay_misc_feat_roman,
          minmay_cupped, uniq_menkaure
D:5:      lemuel_round_altar, first_bread, portal_sewer_entry_b
D:6:      kennysheep_little_box, hangedman_minor_gate_pass,
          uniq_crazy_yiuf_cottage, uniq_edmund, uniq_blork_the_orc
D:7:      serial_shops, nicolae_shop_stone, uniq_prince_ribbit1
D:8:      hangedman_pestilent_swarm
D:9:      kennysheep_ambush_hall, david_lair_generic,
          onia_ninara_dug_in_and_dangerous, uniq_psyche
D:10:     david_defended_altar_orc, uniq_urug
Temple:   nicolae_temple_elliptical

Skill      XL: |  1  2  3  4  5  6  7  8  9 10 11 |
---------------+----------------------------------+-----
Hexes          | 5 6 7 8 10 12 15 16 | 16.0
Short Blades   | 2 3 4 5 6 8 |  8.1
Stealth        | 5 6 7 8 10 | 10.0
Dodging        | 3 4 5 6 |  6.6
Spellcasting   | 3 4 5 6 |  6.3

Action                   |  1- 3 |  4- 6 |  7- 9 | 10-12 || total
-------------------------+-------+-------+-------+-------++-------
Melee: Dagger            |    59 |   179 |   292 |   127 ||   657
       Bite              |     1 |    16 |    30 |     7 ||    54
 Cast: Corona            |     4 |       |       |       ||     4
       Ensorcelled Hiber |    14 |    37 |    67 |    37 ||   155
       Confuse           |       |    11 |    18 |    23 ||    52
       Tukima's Dance    |       |       |     6 |       ||     6
       Dazzling Spray    |       |       |     1 |       ||     1
Invok: Potion Petition   |       |       |     1 |       ||     1
 Abil: End Transformatio |       |       |     1 |       ||     1
       Bat Form          |       |       |     1 |       ||     1
  Use: Potion            |     2 |       |     1 |     1 ||     4
       Scroll            |     1 |     2 |    16 |     3 ||    22
 Stab: Sleeping          |    10 |    47 |    46 |    33 ||   136
       Confused          |       |     1 |    11 |    11 ||    23
       Distracted        |       |     1 |     1 |     2 ||     4
       Invisible         |       |       |     2 |       ||     2
Armor: Robe              |    18 |    41 |    47 |    43 ||   149
Dodge: Dodged            |    43 |   112 |   190 |   100 ||   445
